 Dungeon Crawl Stone Soup version 0.25.1-2-g60ff931df9 (webtiles) character file.

Game seed: 10893937132582097806

44 DearestLeader the Conjurer (level 3, -2/19 HPs)
             Began as a Deep Elf Conjurer on Nov 13, 2020.
             Slain by a bullfrog zombie (3 damage)
             ... on level 2 of the Dungeon.
             The game lasted 00:02:25 (1686 turns).

DearestLeader the Conjurer (Deep Elf Conjurer)      Turns: 1686, Time: 00:02:26

Health: -2/19      AC:  3    Str:  5    XL:     3   Next: 39%
Magic:  2/9        EV: 13    Int: 20    God:
Gold:   55         SH:  0    Dex: 15    Spells: 5/8 levels left

rFire    . . .     SeeInvis .   e - +1 short sword (venom)
rCold    . . .     Gourm    .   (no shield)
rNeg     . . .     Faith    .   a - +0 robe
rPois    .         Spirit   .   h - +0 helmet
rElec    .         Reflect  .   (no cloak)
rCorr    .         Harm     .   (no gloves)
MR       .....                  (no boots)
Stlth    ++........             (no amulet)
HPRegen  0.06/turn              (no ring)
MPRegen  0.11/turn              (no ring)

@: very slightly contaminated
A: no striking features
a: no special abilities


You were on level 2 of the Dungeon.
You were not hungry.

You visited 1 branch of the dungeon, and saw 2 of its levels.

You collected 55 gold pieces.

Inventory:

Hand Weapons
 e - a +1 short sword of venom (weapon)
Armour
 a - a +0 robe (worn)
 h - a +0 helmet (worn)
Scrolls
 b - a scroll of blinking
 g - a scroll of remove curse {unknown}
 i - a scroll of amnesia {unknown}
Potions
 f - a potion of ambrosia {unknown}
Comestibles
 c - a ration
 d - 6 chunks of flesh


   Skills:
 - Level 2.4 Dodging
 - Level 2.4 Stealth
 - Level 3.0 Spellcasting
 * Level 5.8 Conjurations


You had 5 spell levels left.
You knew the following spells:

 Your Spells              Type           Power        Failure   Level  Hunger
a - Magic Dart            Conj           ####         1%          1    None
b - Searing Ray           Conj           ####..       1%          2    ##.....

Your spell library contained the following spells:

 Spells                   Type           Power        Failure   Level  Hunger
 Dazzling Flash           Conj/Hex       ##....       13%         3    ###....
 Fulminant Prism          Conj/Hex       ##........   41%         4    ####...
 Iskenderun's Mystic Bla  Conj/Tloc      ##......     41%         4    ####...


Dungeon Overview and Level Annotations

Branches:
Dungeon (2/15)

Altars:
Nemelex Xobeh

Annotations:
D:2 Robin


Message History

Robin roars a battlecry!
There is an open door here.
Casting: Magic Dart (safe; 1% risk of failure)
Confirm with . or Enter, or press ? or * to list all spells.
Aiming: Magic Dart (safe; 1% risk of failure)
Press: ? - help, Shift-Dir - straight line, f/p - bullfrog zombie
Aim: a bullfrog zombie (heavily damaged)
The magic dart hits the bullfrog zombie.
The bullfrog zombie is severely damaged.
The bullfrog zombie hits you.
* * * LOW HITPOINT WARNING * * *
Casting: Magic Dart (safe; 1% risk of failure)
Confirm with . or Enter, or press ? or * to list all spells.
Aiming: Magic Dart (safe; 1% risk of failure)
Press: ? - help, Shift-Dir - straight line, f/p - bullfrog zombie
Aim: a bullfrog zombie (severely damaged)
The magic dart hits the bullfrog zombie.
The bullfrog zombie is severely damaged.
The bullfrog zombie hits you.
You die...

# ##.## ##.## # #.#
#...### # #.# #.....# #
##'## #...#.# # ##...##
#####.# # ##.....## ###
#.# ## ##.......##
##.###)#
.####.....g...####...##)#
...§'..†......'Z@.....#)#
.####.........####.).##.#
## ##.......## #......#
#######.....## #.####.#
....# ##...## #. #.#
###.# ##+## #.####.# #
#.# #.# #.#....#
###.#####.# #.#.##.#
.......##.## #.#.##.#


You could see Robin and a bullfrog zombie.

Vanquished Creatures
  3 oozes (D:1)
  A leopard gecko (D:2)
  2 bats
  A giant cockroach (D:1)
  3 hobgoblins (D:2)
  A jackal (D:1)
  11 goblins
  4 kobolds
26 creatures vanquished.

Notes
Turn   | Place    | Note
-------+----------+-------------------------------------------
     0 | D:1      | DearestLeader the Deep Elf Conjurer began the quest for the
                  | Orb.
     0 | D:1      | Reached XP level 1. HP: 10/10 MP: 6/6
   244 | D:1      | Reached XP level 2. HP: 15/15 MP: 6/8
   248 | D:1      | Learned a level 2 spell: Searing Ray
   333 | D:1      | Reached skill level 5 in Conjurations
  1354 | D:2      | Reached XP level 3. HP: 19/19 MP: 7/9
  1641 | D:2      | Found a sparkling altar of Nemelex Xobeh.
  1671 | D:2      | Noticed Robin
  1686 | D:2      | Slain by a bullfrog zombie

Illustrated notes

Levels and vault maps discovered:
D:1:      dpeg_arrival_brainrot, layout_basic
D:2:      layout_loops_corners, lemuel_crystal_altar, marbit_many_paths,
          uniq_robin, uniq_natasha

Skill      XL: |  1  2 |
---------------+-------+-----
Conjurations   | 5 |  5.8
Dodging        | |  2.4
Stealth        | |  2.4
Spellcasting   | |  3.0

Action                   || total
-------------------------++-------
Melee: Short sword       ||     4
 Cast: Magic Dart        ||    53
  Use: Scroll            ||     1
  Eat: Chunk             ||     2
Dodge: Dodged            ||     6
